 Dungeon Crawl Stone Soup version 0.17-a0-2231-gd80ca38 (webtiles) character file.

44 Jergosh the Ruffian (level 3, -3/31 HPs)
             Began as a Ghoul Monk on Oct 29, 2015.
             Killed by divine providence
             ... invoked by an orc priest
              (12 damage)
             ... on level 3 of the Dungeon.
             The game lasted 00:04:58 (1632 turns).

Jergosh the Ruffian (Ghoul Monk)                    Turns: 1632, Time: 00:04:58

Health: -3/31      AC:  2    Str: 15    XL:     3   Next: 62%
Magic:  2/2        EV: 13    Int:  5    God:
Gold:   75         SH:  0    Dex: 11    Spells: 0 memorised, 2 levels left

rFire  . . .     SeeInvis .       - Unarmed
rCold  + . .     Clarity  .     a - +0 robe
rNeg   + + +     SustAt   .     (no shield)
rPois  ∞         Gourm    .     (no helmet)
rElec  .         Spirit   .     (no cloak)
rCorr  .         Warding  .     (no gloves)
rMut   .         Stasis   .     (no boots)
MR     .....                    (no amulet)
Stlth  ++........               (no ring)
                                (no ring)

@: rotting, not resistant to hostile enchantments, unstealthy
A: rotting body, claws 1, carnivore 3, cold resistance 1, negative energy
resistance 3, slow regeneration 1, torment resistance, unbreathing
a: no special abilities


You were on level 3 of the Dungeon.
You were not hungry.

You visited 1 branch of the dungeon, and saw 3 of its levels.

You collected 75 gold pieces.

Inventory:

Armour
 a - a +0 robe (worn)
Scrolls
 d - 2 scrolls of fear
 g - 2 scrolls of remove curse
 h - 3 scrolls of immolation {unknown}
 j - a scroll of enchant weapon {unknown}
 k - a scroll of enchant armour {unknown}
 l - a scroll of amnesia {unknown}
Potions
 c - a potion of ambrosia
 e - a potion of resistance
 f - a potion of flight {unknown}
 i - 2 potions of invisibility
 n - 2 potions of heal wounds
Comestibles
 b - a meat ration
 m - a chunk of flesh


   Skills:
 + Level 3.5 Fighting
 + Level 1.0 Armour
 * Level 3.3 Dodging
 - Level 2.1 Stealth
 * Level 4.7 Unarmed Combat


You had 2 spell levels left.
You didn't know any spells.

Dungeon Overview and Level Annotations

Branches:
Dungeon (3/15)

Altars:


Innate Abilities, Weirdness & Mutations

Your body is rotting away.
You thrive on raw meat.
You are immune to poison.
You have sharp fingernails.
You are carnivorous and can eat meat at any time.
Your flesh is cold resistant.
You are immune to negative energy.
You regenerate slowly when monsters are visible.
You are immune to unholy pain and torment.
You can survive without breathing.


Message History

As you read the scroll of identify, it crumbles to dust.
e - a potion of resistance An orc priest comes into view.
It is wielding a whip.
The orc priest shouts!
An orc and an orc priest come into view.
An orc comes into view.
The orc priest shouts!
The orc priest looks braver for a moment.
An orc comes into view. It is wielding a short sword.
You see here 2 tomahawks.
The orc priest mumbles some strange prayers to Beogh against you.
Something smites you!
The orc priest mumbles some strange prayers to Beogh against you.
Something smites you!
* * * LOW HITPOINT WARNING * * *
The orc priest casts a cantrip, but nothing happens.
The orc priest looks braver for a moment.
The orc priest mumbles some strange prayers to Beogh against you.
Something smites you!
You die...

#.o.........#
#.o.........#
#...........#
#...........#
######.###########
#..............
#.####.########
####........
#<.@..######
####..# #..# #..#
##.# .. .## .#


You could see an orc priest.

Vanquished Creatures
  An ooze (D:1)
  2 worms (D:2)
  A giant gecko (D:2)
  5 bats
  3 giant cockroaches (D:1)
  3 goblins
  6 hobgoblins
  4 kobolds (D:1)
  7 rats
32 creatures vanquished.

Notes
Turn   | Place    | Note
--------------------------------------------------------------
     0 | D:1      | Jergosh the Ghoul Monk began the quest for the Orb.
     0 | D:1      | Reached XP level 1. HP: 19/19 MP: 0/0
   146 | D:1      | Reached XP level 2. HP: 26/26 MP: 1/1
   461 | D:1      | Reached XP level 3. HP: 19/31 MP: 2/2
   477 | D:1      | Reached skill level 1 in Armour
  1632 | D:3      | Killed from afar by an orc priest

Vault maps used:
D:1:      dpeg_arrival_chambers_temple_mockup, minmay_strange_pillars
D:3:      first_bread, uniq_jessica

Action                   || total
-------------------------++-------
Melee: Unarmed           ||    94
  Use: Scroll            ||     6
 Stab: Sleeping          ||     7
  Eat: Chunk             ||     6
